 Dungeon Crawl Stone Soup version 0.20.0-10-g0535bb4 (console) character file.

81 removed the Sneak (level 4, 0/25 HPs)
             Began as a Deep Elf Assassin on June 4, 2017.
             Succumbed to an adder's poison
             ... on level 3 of the Dungeon.
             The game lasted 00:02:10 (1797 turns).

removed the Sneak (Deep Elf Assassin)               Turns: 1797, Time: 00:02:10

Health: 0/25       AC:  4    Str:  8    XL:     4   Next: 20%
Magic:  6/6        EV: 13    Int: 17    God:
Gold:   130        SH:  0    Dex: 16    Spells: 3/3 levels left

rFire    . . .     SeeInvis .   a - +2 dagger
rCold    . . .     Gourm    .   (no shield)
rNeg     . . .     Faith    .   c - +0 robe
rPois    .         Spirit   .   l - +0 helmet
rElec    .         Reflect  .   d - +0 cloak
rCorr    .         Harm     .   (no gloves)
MR       .....                  (no boots)
Stlth    +++.......             (no amulet)
Regen    0.1/turn               j - +1 ring of evasion
MPRegen  0.1/turn               (no ring)

@: lethally poisoned (0 -> -23)
A: no striking features
a: no special abilities


You were on level 3 of the Dungeon.
You were not hungry.

You visited 1 branch of the dungeon, and saw 3 of its levels.

You collected 130 gold pieces.

Inventory:

Hand Weapons
 a - a +2 dagger (weapon)
 b - a +0 blowgun
Missiles
 e - 8 poisoned needles
 f - a curare-tipped needle
Armour
 c - a +0 robe (worn)
 d - a +0 cloak (worn)
 l - a +0 helmet (worn)
Jewellery
 j - a +1 ring of evasion (left hand)
Scrolls
 h - 2 scrolls of enchant weapon {unknown}
 k - a scroll of blinking {unknown}
 q - 3 scrolls of identify {unknown}
 s - a scroll of magic mapping {unknown}
 v - a scroll of fog {unknown}
 w - 2 scrolls of remove curse {unknown}
Potions
 m - 3 potions of curing {unknown}
 n - a potion of heal wounds {unknown}
 o - 2 potions of degeneration {unknown}
 r - a potion of berserk rage {unknown}
 t - a potion of might {unknown}
Comestibles
 g - 4 bread rations
 i - 2 royal jellies


   Skills:
 - Level 1.5 Fighting
 + Level 4.5 Short Blades
 - Level 2.0 Throwing
 - Level 1.2 Dodging
 - Level 4.8 Stealth


You had 3 spell levels left.
You didn't know any spells.

Dungeon Overview and Level Annotations

Branches:
Dungeon (3/15)

Altars:


Message History

You hit the adder.
The adder is almost dead.
You feel sick. The adder misses you.
You completely miss the adder.
The adder is almost dead.
* * * LOW HITPOINT WARNING * * *
You feel sick. The adder bites you.
* * * LOW HITPOINT WARNING * * *
You are more poisoned.
The adder poisons you!
You hit the adder but do no damage.
The adder is almost dead.
* * * LOW HITPOINT WARNING * * *
You feel sick. The adder bites you.
* * * LOW HITPOINT WARNING * * *
You are more poisoned.
The adder poisons you!
You closely miss the adder.
The adder is almost dead.
You die...

...........#
...........# .#
..........#########...#
###.....................
................# #...#
..............#.###.....
...........##.#.........
........................
###...........##@.......
###........#####S.......
............. #.......#
.............. #.......#
....)..........#....<..+
........########.......#
........# ####.....
........## .###.
............


You could see an adder.

Vanquished Creatures
  A gnoll (D:1)
  3 adders (D:2)
  A worm (D:2)
  3 dart slugs (D:1)
  2 leopard geckos (D:1)
  4 bats (D:2)
  A giant cockroach (D:1)
  5 goblins
  4 hobgoblins
  3 kobolds
  2 ball pythons
  5 frilled lizards
  2 rats (D:1)
36 creatures vanquished.

Notes
Turn   | Place    | Note
-------+----------+-------------------------------------------
     0 | D:1      | removed the Deep Elf Assassin began the quest for the Orb.
     0 | D:1      | Reached XP level 1. HP: 12/12 MP: 3/3
   282 | D:1      | Reached XP level 2. HP: 16/16 MP: 4/4
   622 | D:1      | Reached XP level 3. HP: 20/20 MP: 5/5
   844 | D:2      | HP: 1/20 [poisoned by an adder]
  1348 | D:2      | Reached XP level 4. HP: 15/25 MP: 6/6
  1797 | D:3      | Succumbed to an adder's poison

Skill      XL: |  1  2  3 |
---------------+----------+-----
Short Blades   | 3 4 |  4.5
Fighting       | |  1.5
Throwing       | |  2.0
Dodging        | |  1.2
Stealth        | |  4.8

Action                   |  1- 3 |  4- 6 || total
-------------------------+-------+-------++-------
Melee: Dagger            |    90 |    40 ||   130
 Fire: Blowgun           |    10 |       ||    10
 Stab: Sleeping          |     8 |     4 ||    12
  Eat: Chunk             |     1 |     2 ||     3
Armor: Robe              |    11 |     3 ||    14
Dodge: Dodged            |    50 |    14 ||    64
